 Dungeon Crawl Stone Soup version 0.17.0-28-g6e173f8 (webtiles) character file.

60 septik the Magician (level 3, -5/19 HPs)
             Began as a Deep Elf Fire Elementalist on Nov 22, 2015.
             Slain by a gnoll
             ... wielding a +0 flail
              (6 damage)
             ... on level 2 of the Dungeon.
             The game lasted 00:03:52 (988 turns).

septik the Magician (Deep Elf Fire Elementalist)     Turns: 988, Time: 00:03:52

Health: -5/19      AC:  3    Str:  5      XL:     3   Next: 82%
Magic:  3/10       EV: 13    Int: 16 (20) God:
Gold:   74         SH:  0    Dex: 15      Spells: 2 memorised, 6 levels left

rFire  . . .     SeeInvis .     i - +0 mace
rCold  . . .     Clarity  .     a - +0 robe
rNeg   . . .     SustAt   .     (no shield)
rPois  .         Gourm    .     (no helmet)
rElec  .         Spirit   .     r - +0 cloak
rCorr  .         Warding  .     (no gloves)
rMut   .         Stasis   .     (no boots)
MR     .....                    (no amulet)
Stlth  ++........               (no ring)
                                (no ring)

@: not resistant to hostile enchantments, unstealthy
A: no striking features
a: no special abilities


You were on level 2 of the Dungeon.
You were not hungry.

You visited 1 branch of the dungeon, and saw 2 of its levels.

You collected 74 gold pieces.

Inventory:

Hand Weapons
 i - a +0 mace (weapon)
 l - a +1 dagger of draining
 n - a +2 short sword of draining
Missiles
 p - 23 stones (quivered)
Armour
 a - a +0 robe (worn)
 r - a +0 cloak (worn)
Scrolls
 d - 2 scrolls of teleportation {unknown}
 f - a scroll of enchant armour {unknown}
 m - a scroll of identify {unknown}
 q - a scroll of fog {unknown}
 t - a scroll of recharging {unknown}
 u - a scroll of blinking {unknown}
Potions
 h - a potion of magic
Books
 b - a book of Flames

   Spells                             Type                      Level
   a - Flame Tongue                   Conjuration/Fire             1
   b - Throw Flame                    Conjuration/Fire             2
   c - Conjure Flame                  Conjuration/Fire             3
   d - Inner Flame                    Hexes/Fire                   3
   e - Sticky Flame                   Conjuration/Fire             4
   f - Fireball                       Conjuration/Fire             5
Comestibles
 c - 2 bread rations
 g - a chunk of flesh
 k - a royal jelly


   Skills:
 - Level 2.4 Dodging
 - Level 2.4 Stealth
 + Level 4.2 Spellcasting
 + Level 2.1 Conjurations
 + Level 4.1 Fire Magic


You had 6 spell levels left.
You knew the following spells:

 Your Spells              Type           Power        Failure   Level  Hunger
a - Flame Tongue          Conj/Fire      ##...        6%          1    None
b - Conjure Flame         Conj/Fire      ##......     14%         3    ###....


Dungeon Overview and Level Annotations

Branches:
Dungeon (2/15)

Altars:
Xom


Message History

Aim: a gnoll, wielding a flail (lightly wounded)
The flame tongue misses the gnoll.
The gnoll hits you with a flail.
* * * LOW HITPOINT WARNING * * *
Casting: Flame Tongue
Confirm with . or Enter, or press ? or * to list all spells.
Aiming: Flame Tongue
Press: ? - help, Shift-Dir - straight line, f/p - gnoll
Aim: a gnoll, wielding a flail (lightly wounded)
The flame tongue hits the gnoll.
The gnoll is moderately wounded.
The gnoll hits you but does no damage.
Casting: Flame Tongue
Confirm with . or Enter, or press ? or * to list all spells.
Aiming: Flame Tongue
Press: ? - help, Shift-Dir - straight line, f/p - gnoll
Aim: a gnoll, wielding a flail (moderately wounded)
The flame tongue hits the gnoll.
The gnoll is severely wounded.
The gnoll hits you with a flail.
You die...

.... #...# #..... #.#.[ #...#
##.### .$... #...# ####.####
# . ##. #...# #.......####
##. ####.#####.###
#.##.......###.#
......#.<....#
#.##.##.........
........##...#
#.##....##.###.#
.....#.....#.#####<##.##.##>#
##.
.#.#....##.....g@).......##.#
##
.#.##.#.......######........#
......#.......##.......######
.#.####.#####.##.###.#.#
.#.........##.##.###.#.#
...####.##.##.##.##..#.# .#.
#.......##.##.##.# ..
##.....###.......# ##.
#.....# ###...###


You could see a gnoll.

Vanquished Creatures
  Robin (D:2)
  A gnoll (D:2)
  3 bats
  11 goblins
  3 hobgoblins
  2 jackals (D:2)
  2 ball pythons (D:1)
  3 giant cockroaches
  2 giant geckos (D:1)
  3 giant newts
  4 kobolds
  5 rats (D:1)
40 creatures vanquished.

Notes
Turn   | Place    | Note
--------------------------------------------------------------
     0 | D:1      | septik the Deep Elf Fire Elementalist began the quest for the Orb.
     0 | D:1      | Reached XP level 1. HP: 10/10 MP: 6/6
   221 | D:1      | Reached XP level 2. HP: 15/15 MP: 1/8
   645 | D:2      | Reached XP level 3. HP: 19/19 MP: 6/10
   653 | D:2      | Learned a level 3 spell: Conjure Flame
   718 | D:2      | Noticed Robin
   734 | D:2      | Killed Robin
   734 | D:2      | Reached skill level 4 in Spellcasting
   935 | D:2      | Found a shimmering altar of Xom.
   988 | D:2      | Slain by a gnoll

Action                   || total
-------------------------++-------
Melee: Mace              ||     4
 Cast: Flame Tongue      ||    69
  Use: Potion            ||     6
